 Dungeon Crawl Stone Soup version 0.26-a0-639-g72c4674329 (webtiles) character file.

Game seed: 10479247568120188884

(classic levelgen) 22 EnegeticOcto the Covered (level 2, 0/27 HPs)
             Began as a Deep Dwarf Fighter on Sept 28, 2020.
             Killed by nerve-wracking pain
             ... invoked by Jessica
              (12 damage)
             ... on level 2 of the Dungeon.
             The game lasted 00:00:05 (87 turns).

EnegeticOcto the Covered (Deep Dwarf Fighter)         Turns: 87, Time: 00:00:05

Health: 0/27       AC:  6    Str: 19    XL:     2   Next: 68%
Magic:  2/2        EV:  7    Int:  8    God:
Gold:   15         SH:  9    Dex: 12    Spells: 1/1 levels left

rFire    . . .     SeeInvis .   a - +0 war axe
rCold    . . .     Faith    .   c - +0 kite shield
rNeg     . . .     Spirit   .   b - +0 scale mail
rPois    .         Reflect  .   (no helmet)
rElec    .         Harm     .   (no cloak)
rCorr    .         Rampage  .   (no gloves)
MR       .....                  (no boots)
Stlth    ..........             (no amulet)
HPRegen  0.00/turn              (no ring)
MPRegen  0.08/turn              (no ring)

@: non-regenerating
A: damage resistance, heal wounds, sense surroundings 1, no regeneration
a: Heal Wounds


You were on level 2 of the Dungeon.
You visited 1 branch of the dungeon, and saw 2 of its levels.

You collected 15 gold pieces.

Inventory:

Hand Weapons
 a - a +0 war axe (weapon)
Armour
 b - a +0 scale mail (worn)
 c - a +0 kite shield (worn)
Scrolls
 f - a scroll of enchant armour {unknown}
Potions
 d - a potion of might {@q3}
 e - a potion of flight {unknown}


   Skills:
 + Level 2.9 Fighting
 * Level 2.8 Axes
 + Level 3.5 Armour
 + Level 3.5 Shields


You had one spell level left.
You didn't know any spells.
Your spell library was empty.

Dungeon Overview and Level Annotations

Branches:
Dungeon (2/15)

Altars:

Annotations:
D:2 Jessica, Robin


Innate Abilities, Weirdness & Mutations

You are resistant to damage.
You can heal yourself by infusing magical energy.
You passively map a small area around you.
You do not regenerate.


Message History

No target in view!
No target in view!
No target in view!
No target in view!
No target in view!
No target in view!
No target in view!
No target in view!
No target in view!
No target in view!
No target in view!
No target in view!
No target in view!
No target in view!
No target in view!
No target in view!
No target in view!
No target in view!
(D) Dungeon
Where to? (? - help)
Things that are here:
a +0 short sword; 2 stones
There is a stone staircase leading down here.
You climb downwards. 12 goblins and Robin come into view.
Robin is wielding a +0 spear, wearing a +1 helmet of intelligence and carrying a wand of digging (6).
Robin shouts!
The goblin shouts! x11; You hear a shout! x2
Found 11 gold pieces.
There is a stone staircase leading up here.
There are monsters nearby!
The goblin hits you but does no damage.
You slash the goblin!
You kill the goblin!
You have reached level 2!
You closely miss the goblin.
Jessica the Apprentice Sorceress comes into view.
Robin throws the goblin at you! The goblin hits you.
You block the goblin's attack.
You hit the goblin.
The goblin is heavily wounded.
You slash the goblin!
You kill the goblin!
You slash the goblin!
You kill the goblin!
You barely miss the goblin. You hit the goblin.
The goblin hits you but does no damage. You block the goblin's attack. x2
Robin throws the goblin at you! You block the goblin's attack.
The goblin hits you but does no damage. The goblin hits you.
You closely miss the goblin.
The goblin is severely wounded.
You hit the goblin.
You kill the goblin!
You hit the goblin. You closely miss the goblin. You hit the goblin.
You closely miss the goblin.
Robin roars a battlecry!
The goblins go into a battle-frenzy!
The goblin hits you. The goblin barely misses you.
The goblin hits you but does no damage. The goblin hits you.
The goblin closely misses you. You block the goblin's attack.
You hit the goblin.
You kill the goblin!
You hit the goblin but do no damage. You slash the goblin!
You kill the goblin!
You hit the goblin.
You kill the goblin!
You miss the goblin. You hit the goblin.
You kill the goblin!
You block the goblin's attack. The goblin hits you.
Robin hits you but does no damage.
The goblin hits you but does no damage. x2
The goblin hits you with a +0 club.
You barely miss the goblin.
The goblin is severely wounded.
You hit the goblin. You closely miss the goblin. You barely miss the goblin.
Robin closely misses you. You block the goblin's attack.
The goblin hits you but does no damage. x2; You block the goblin's attack.
Robin hits you but does no damage.
Jessica shouts, "You are a ghastly nuisance!"
The goblin barely misses you.
You closely miss the goblin.
The goblin is severely wounded.
You hit the goblin.
You kill the goblin!
You hit the goblin.
You kill the goblin!
You closely miss the goblin. You block the goblin's attack.
The goblin hits you but does no damage.
Robin hits you from afar with a +0 spear.
You block the goblin's attack.
You hit the goblin.
You kill the goblin!
You barely miss Jessica. You barely miss the goblin.
Jessica shouts, "You're disturbing me!
I'll have to kill you!" Jessica hits you but does no damage.
Robin barely misses you. You block the goblin's attack.
Jessica hits you but does no damage. Robin closely misses you.
The goblin hits you but does no damage.
You hit Jessica but do no damage. You miss the goblin.
A bat comes into view.
Jessica casts a spell at you. Pain shoots through your body!
You die...

, * , .# #..#
..#########...##
...............
*
##.............
*
.#..............
* ,
,.....g.$.......
#....)))...... ,
, #....)@).# * ,
#....g@<.#
..........# ,,
..........#* *
........... * ,,
..........#. , ,
.............,
.###....b..... ,
,..###.....#.


You could see Robin, Jessica, a goblin (strong) and a bat.

Vanquished Creatures
  11 goblins (D:2)
  3 hobgoblins (D:1)
  A kobold (D:1)
  A frilled lizard (D:1)
  A rat (D:1)
17 creatures vanquished.

Notes
Turn   | Place    | Note
-------+----------+-------------------------------------------
     0 | D:1      | EnegeticOcto the Deep Dwarf Fighter began the quest for the
                  | Orb.
     0 | D:1      | Reached XP level 1. HP: 20/20 MP: 1/1
    78 | D:2      | Noticed Robin
    80 | D:2      | Reached XP level 2. HP: 20/27 MP: 2/2
    80 | D:2      | Noticed Jessica
    87 | D:2      | Killed from afar by Jessica

Illustrated notes

Levels and vault maps discovered:
D:1:      minmay_arrival_split_and_join, layout_rooms, chequers_garden
D:2:      layout_rooms, uniq_robin, uniq_jessica

Action                   || total
-------------------------++-------
Melee: War axe           ||    20
Armor: Scale mail        ||    15
Dodge: Dodged            ||    10
Block: Kite shield       ||    19

Table legend: (Time is in decaauts)
 A = Elapsed time spent in this place.
 B = Non-inter-level travel time spent in this place.
 C = Inter-level travel time spent in this place.
 D = Time resting spent in this place.
 E = Time spent auto-exploring this place.
 F = Levels seen in this place.
 G = Mean time per level.
                   A        B        C        D        E       F      G
               +--------+--------+--------+--------+--------+-----+--------+
         Total |     95 |     92 |      3 |      0 |     55 |   2 |   47.5 |
       Dungeon |     95 |     92 |      3 |      0 |     55 |   2 |   47.5 |
               +--------+--------+--------+--------+--------+-----+--------+

Top non-repeatable levels by time:
     D:1: 83 daAuts
     D:2: 11 daAuts
